 Dungeon Crawl Stone Soup version 0.18-a0-76-g3fe7f8b (webtiles) character file.

46629 Proton the Fighter (level 14, -4/148 HPs)
             Began as a Naga Fighter on Nov 12, 2015.
             Was the Champion of Cheibriados.
             Slain by an ice dragon (6 damage)
             ... in an ice cave.
             The game lasted 01:04:40 (16281 turns).

Proton the Fighter (Naga Fighter)                  Turns: 16281, Time: 01:04:40

Health: -4/148     AC: 30    Str: 46    XL:     14   Next: 38%
Magic:  18/18      EV: 14    Int: 32    God:    Cheibriados [******]
Gold:   1385       SH: 16    Dex: 27    Spells: 0 memorised, 13 levels left

rFire  . . .     SeeInvis +     L - +10 hand axe of the Snake Pit {chop, *Corrode rElec Int+4 SInv}
rCold  . . .     Clarity  .     v - +0 plate armour
rNeg   . . .     SustAt   .     c - +0 shield
rPois  +         Gourm    .     s - +1 helmet
rElec  +         Spirit   .     l - +2 cloak {+Inv}
rCorr  .         Warding  .     f - +0 pair of gloves
rMut   .         Stasis   .     E - +1 naga barding
MR     ++...                    (no amulet)
Stlth  ..........               Q - ring of protection from magic
                                y - +4 ring of protection

@: mighty, corroded equipment, very slow, very resistant to hostile
enchantments, extremely unstealthy
A: stinger 1, molten scales 1, see invisible, clever 2, deformed body, high mp
1, sense surroundings 1, poison resistance, robust 1, screaming 1, shaggy fur 1,
slowness 2, slow metabolism 1, spit poison 3, strong 2, evolution 2, constrict
1, AC +4
a: Breathe Poison Gas, Bend Time, Temporal Distortion, Slouch, Step From Time,
Renounce Religion, Evoke Invisibility


You were in an ice cave.
You worshipped Cheibriados.
Cheibriados was exalted by your worship.
You were not hungry.

You visited 4 branches of the dungeon, and saw 18 of its levels.
You also visited: Labyrinth, Ossuary and Ice Cave.

You collected 1495 gold pieces.
You spent 110 gold pieces at shops.

Inventory:

Hand Weapons
 L - the +10 hand axe of the Snake Pit (weapon) {chop, *Corrode rElec Int+4 SInv}
   (You found it on level 11 of the Dungeon)

   It inflicts extra damage upon your enemies.
   It affects your intelligence (+4).
   It insulates you from electricity.
   It lets you see invisible.
   It may corrode your equipment when you take damage.
 N - a +2 mace of electrocution
Armour
 c - a +0 shield (worn)
 f - a +0 pair of gloves (worn)
 l - a +2 cloak of invisibility (worn)
 s - a +1 helmet (worn)
 v - a +0 plate armour (worn)
 E - a +1 naga barding (worn)
Jewellery
 x - an uncursed ring of teleportation
 y - a +4 ring of protection (left hand)
 Q - a ring of protection from magic (right hand)
 S - an uncursed ring of protection from fire
Wands
 R - a wand of digging (3)
Scrolls
 e - a scroll of holy word
 g - 6 scrolls of remove curse
 h - 4 scrolls of recharging
 o - 2 scrolls of fog
 p - 2 scrolls of amnesia
 r - a scroll of magic mapping
 t - 3 scrolls of enchant weapon
 w - 3 scrolls of immolation
 D - 3 scrolls of fear
 H - 2 scrolls of enchant armour
 I - a scroll of brand weapon
Potions
 b - 6 potions of curing
 d - 2 potions of might
 i - 7 potions of flight {unknown}
 k - 3 potions of degeneration {unknown}
 m - 2 potions of lignification {unknown}
 n - a potion of cancellation {unknown}
 q - a potion of agility
 u - a potion of haste {unknown}
 A - 2 potions of brilliance
 B - 2 potions of ambrosia
 F - 3 potions of resistance
Comestibles
 a - 4 meat rations
 C - 5 fruits
 G - 10 royal jellies
 J - 2 beef jerkies


   Skills:
 + Level 11.2 Fighting
 + Level 11.1 Maces & Flails
 + Level 9.6 Armour
 + Level 9.6 Dodging
 + Level 9.4 Shields
 + Level 2.1 Invocations
 - Level 4.1 Evocations


You had 13 spell levels left.
You didn't know any spells.

Dungeon Overview and Level Annotations

Branches:
Dungeon (14/15)            Temple (1/1) D:4            Lair (2/8) D:11
    Orc (1/4) D:11         Vaults (0/5) D:14

Altars:
Ashenzari
Cheibriados
Dithmenos
Elyvilon
Fedhas
Gozag
Kikubaaqudgha
Makhleb
Nemelex Xobeh
Okawaru
Qazlal
Ru
Sif Muna
Trog
Vehumet
Xom
Yredelemnul
Zin
The Shining One
Jiyva

Shops:
D:8 *

Annotations:
D:14 exclusion: ice statue


Innate Abilities, Weirdness & Mutations

You cannot wear boots.
Your serpentine skin is tough (AC +4).
You have supernaturally acute eyesight.
Armour fits poorly on your strangely shaped body.
Your system is resistant to poisons.
You cover ground very slowly.
You have a slow metabolism.
You can exhale a cloud of poison.
You can use your snake-like lower body to constrict enemies.
Your tail ends in a poisonous barb.
You are partially covered in molten scales (AC +1).
Your mind is very acute. (Int +4)
You have an increased reservoir of magic (+10% MP).
You passively map a small area around you.
You are robust (+10% HP).
You occasionally shout uncontrollably at your foes.
You are covered in fur (AC +1).
Your muscles are very strong. (Str +4)
You rapidly evolve.


Message History

The ice dragon tramples you but does no damage.
You slash the ice dragon!
The ice dragon is almost dead.
You hit the ice dragon.
The ice dragon is heavily wounded.
The ice dragon breathes frost at you. The blast of cold misses you.
The ice dragon bites you.
* * * LOW HITPOINT WARNING * * *
You block the ice dragon's attack.
The ice dragon tramples you but does no damage.
You barely miss the ice dragon.
The ice dragon is almost dead.
You slash the ice dragon!
The ice dragon is severely wounded.
The ice dragon breathes frost at you. The blast of cold hits you!
* * * LOW HITPOINT WARNING * * *
The ice dragon bites you but does no damage.
The ice dragon claws you.
You die...

##..#
###.###
#..##* ≈
#..#.##
#.##*
##.##..#
.#.#*≈
#..#...#
#.##
##...#.##
#..# ≈
≈#####..#
##.## *
#...#
#..# ≈
,,##..#
##.#*≈
,##@#
##..# ,
,#DD#
#.#.# ≈
....#
##.## ≈
,$....##
##.#*≈
#$.....*
#.##
#$.....
##..#
≈#$....#
##...# ≈
##.$..
#.####


You could see 2 ice dragons.

Vanquished Creatures
  A minotaur (Lab)
  5 hydras
  Fannar (D:11)
  Harold (D:10)
  2 catoblepae (D:14)
  An ogre mage (D:14)
  The ghost of Proton the Protected, a novice DDFi of Ru (D:11)
  A centaur warrior (D:14)
  Sonja (D:13)
  8 skeletal warriors (D:14)
  2 unseen horrors
  6 hill giants
  A wizard (D:14)
  8 ugly things
  2 manticores
  3 cyclopes
  A black mamba (Lair:2)
  Maurice (D:9)
  2 gargoyles
  2 ice statues (IceCv)
  2 spiny frogs (Lair:1)
  A queen bee (D:12)
  3 trolls
  7 two-headed ogres
  6 blink frogs
  Sigmund (D:5)
  A wraith (D:11)
  7 hungry ghosts
  A human (D:7)
  A wyvern (D:14)
  13 yaks
  A shadow (D:12)
  3 vampire mosquitoes (D:14)
  2 hippogriffs
  2 wargs (D:11)
  A basilisk (D:11)
  A wolf (Lair:1)
  Menkaure (Ossuary)
  A steam dragon (D:8)
  A porcupine (Lair:2)
  6 sky beasts
  4 water moccasins
  10 orc warriors
  22 ice beasts
  A phantom (D:10)
  9 ogres
  A black bear (D:11)
  2 eyes of draining (D:14)
  A big kobold (D:12)
  11 centaurs
  A brain worm (D:14)
  A crocodile (Lair:1)
  2 giant frogs
  A water moccasin zombie (D:10)
  45 killer bees
  4 scorpions
  A troll zombie (D:11)
  6 wights
  6 hounds
  4 centaur zombies
  A wasp zombie (D:9)
  2 centaur skeletons
  2 crimson imps
  6 jellies
  20 orc priests
  2 giant frog skeletons
  21 orc wizards
  4 iguanas
  8 worker ants
  6 sheep
  5 ogre zombies (D:11)
  A hound zombie (D:11)
  3 mummies (Ossuary)
  8 gnolls
  27 river rats
  12 adders
  2 shadow imps
  6 oozes
  An adder skeleton (D:8)
  A worm (D:3)
  A giant gecko (D:2)
  80 orcs
  4 gnoll zombies (Ossuary)
  13 hobgoblins
  6 jackals
  5 quokkas
  A ball python (D:3)
  A ball python zombie (D:5)
  6 bats
  5 giant cockroaches
  3 giant newts
  9 goblins
  4 goblin skeletons
  7 goblin zombies
  2 hobgoblin skeletons (Ossuary)
  3 hobgoblin zombies (Ossuary)
  A jackal zombie (D:8)
  12 kobolds
  4 kobold skeletons (Ossuary)
  A kobold zombie (Ossuary)
  4 orc skeletons
  11 orc zombies
  9 rats
  2 rat zombies (Ossuary)
576 creatures vanquished.

Vanquished Creatures (others)
  A sky beast (D:12)
  A gnoll zombie (Ossuary)
  6 goblin skeletons (Ossuary)
  3 goblin zombies (Ossuary)
  2 hobgoblin skeletons (Ossuary)
  3 hobgoblin zombies (Ossuary)
  3 kobold skeletons (Ossuary)
  2 kobold zombies (Ossuary)
  3 orc skeletons (Ossuary)
  An orc zombie (Ossuary)
  A rat skeleton (Ossuary)
  2 rat zombies (Ossuary)
  A bush (D:14)
  5 plants
34 creatures vanquished.

Grand Total: 610 creatures vanquished

Notes
Turn   | Place    | Note
--------------------------------------------------------------
     0 | D:1      | Proton the Naga Fighter began the quest for the Orb.
     0 | D:1      | Reached XP level 1. HP: 21/21 MP: 1/1
   210 | D:1      | Reached XP level 2. HP: 26/28 MP: 2/2
   394 | D:1      | Reached skill level 1 in Dodging
   511 | D:1      | Reached XP level 3. HP: 24/34 MP: 3/3
   992 | D:2      | Found a bloodstained altar of Trog.
  1123 | D:2      | Reached XP level 4. HP: 39/42 MP: 4/4
  1714 | D:3      | Reached XP level 5. HP: 43/49 MP: 5/5
  2255 | D:4      | Reached XP level 6. HP: 56/56 MP: 6/6
  2260 | D:4      | Found a staircase to the Ecumenical Temple.
  2657 | D:5      | Entered Level 5 of the Dungeon
  2962 | D:5      | Noticed Sigmund
  2980 | D:5      | Killed Sigmund
  2980 | D:5      | Reached skill level 4 in Fighting
  2980 | D:5      | Reached XP level 7. HP: 48/64 MP: 7/7
  3165 | D:5      | Found a shattered altar of Ashenzari.
  3441 | D:5      | Found a shimmering altar of Xom.
  3442 | D:5      | Found a glowing silver altar of Zin.
  3443 | D:5      | Found a sparkling altar of Nemelex Xobeh.
  3620 | D:4      | Reached XP level 8. HP: 73/73 MP: 8/8
  4234 | D:6      | Reached skill level 5 in Fighting
  4719 | D:6      | Reached skill level 5 in Maces & Flails
  4735 | D:6      | Gained mutation: You are partially covered in molten scales (AC +1). [mutagenic meat]
  4736 | D:6      | Gained mutation: You possess an exceptional clarity of mind. [mutagenic meat]
  4737 | D:6      | Gained mutation: You passively map a small area around you. [mutagenic meat]
  4738 | D:6      | Gained mutation: You have a pair of small horns on your head. [mutagenic meat]
  4739 | D:6      | Lost mutation: You possess an exceptional clarity of mind. [mutagenic meat]
  4791 | D:6      | Reached XP level 9. HP: 57/81 MP: 9/9
  4795 | D:6      | Gained mutation: Your mind is acute. (Int +2) [mutagenic meat]
  4797 | D:6      | Gained mutation: You are clumsy. (Dex -2) [mutagenic meat]
  4798 | D:6      | Lost mutation: You have a pair of small horns on your head. [mutagenic meat]
  4799 | D:6      | Gained mutation: You can exhale a cloud of poison. [mutagenic meat]
  5196 | D:6      | Reached skill level 5 in Shields
  5438 | D:6      | Reached skill level 5 in Armour
  5596 | D:6      | Reached skill level 6 in Fighting
  5600 | D:6      | Gained mutation: Your spells are a little easier to cast, but a little less powerful. [mutagenic meat]
  5602 | D:6      | Gained mutation: Your muscles are strong. (Str +2) [mutagenic meat]
  5732 | D:7      | Found a sand-covered staircase.
  5740 | Ossuary  | Entered an ossuary
  5994 | Ossuary  | Noticed Menkaure
  5999 | Ossuary  | Killed Menkaure
  6318 | D:7      | Found a viscous altar of Jiyva.
  6321 | D:7      | Reached skill level 5 in Dodging
  6783 | Temple   | Entered the Ecumenical Temple
  7024 | Temple   | Became a worshipper of Cheibriados the Contemplative
  7196 | D:8      | Noticed Maurice
  7405 | D:8      | Reached XP level 10. HP: 82/92 MP: 10/10
  7511 | D:8      | Found Fahoalab's General Store.
  7521 | D:8      | Reached skill level 7 in Fighting
  7526 | D:8      | Reached * piety under Cheibriados
  8079 | D:8      | Bought a potion of resistance for 110 gold pieces
  8171 | D:8      | Lost mutation: Your spells are a little easier to cast, but a little less powerful. [potion of mutation]
  8171 | D:8      | Gained mutation: You are robust (+10% HP). [potion of mutation]
  8172 | D:8      | Gained mutation: You are partially covered in yellow scales (AC +2). [potion of beneficial mutation]
  8490 | D:9      | Killed Maurice
  8558 | D:9      | Found an opulent altar of Gozag.
  8569 | D:9      | Reached ** piety under Cheibriados
  8643 | D:9      | Lost mutation: You are robust (+10% HP). [mutagenic meat]
  8644 | D:9      | Gained mutation: You evolve. [mutagenic meat]
  8645 | D:9      | Gained mutation: Your magical capacity is low (-10% MP). [mutagenic meat]
  8663 | D:9      | Found a shadowy altar of Dithmenos.
  8852 | D:10     | Entered Level 10 of the Dungeon
  8884 | D:10     | Noticed a hill giant
  8891 | D:10     | Killed a hill giant
  8977 | D:10     | Reached XP level 11. HP: 103/103 MP: 9/9
  9332 | D:10     | Gained mutation: You are covered in fur (AC +1). [evolution]
  9378 | D:10     | Reached skill level 8 in Fighting
  9398 | D:10     | Reached *** piety under Cheibriados
  9482 | D:10     | Noticed Harold
  9493 | D:10     | Killed Harold
 10023 | D:11     | Found a staircase to the Orcish Mines.
 10048 | D:11     | Reached **** piety under Cheibriados
 10173 | D:11     | Noticed Proton's ghost (novice DDFi)
 10191 | D:11     | Killed Proton's ghost
 10224 | D:11     | Got a jewelled hand axe
 10225 | D:11     | Identified the +10 hand axe of the Snake Pit {chop, *Corrode rElec Int+4 SInv} (You found it on level 11 of the Dungeon)
 10322 | D:11     | Reached ***** piety under Cheibriados
 10374 | D:11     | Found a staircase to the Lair.
 10376 | D:11     | Noticed a five-headed hydra
 10386 | D:11     | Noticed an eight-headed hydra
 10390 | D:11     | Noticed Fannar
 10888 | D:11     | Reached skill level 9 in Fighting
 11032 | D:11     | Killed Fannar
 11032 | D:11     | Reached XP level 12. HP: 73/114 MP: 10/10
 11237 | D:12     | Reached ****** piety under Cheibriados
 11677 | D:12     | Found an ancient bone altar of Kikubaaqudgha.
 11874 | D:13     | Noticed Sonja
 11881 | D:13     | Killed Sonja
 11889 | D:13     | Gained mutation: You occasionally shout uncontrollably at your foes. [mutagenic meat]
 12128 | D:13     | Noticed a four-headed hydra
 12428 | D:14     | Reached skill level 10 in Fighting
 12428 | D:14     | Gained mutation: You can use your snake-like lower body to constrict enemies. [Naga growth]
 12428 | D:14     | Reached XP level 13. HP: 66/123 MP: 11/11
 12454 | D:14     | Reached skill level 10 in Maces & Flails
 12499 | D:14     | Found a labyrinth entrance.
 12505 | Lab      | Entered a labyrinth
 12746 | Lab      | Noticed a minotaur
 12751 | Lab      | Killed a minotaur
 12859 | D:14     | Reached skill level 1 in Evocations
 12893 | D:14     | Found a gate to the Vaults.
 13185 | D:14     | Lost mutation: Your magical capacity is low (-10% MP). [mutagenic meat]
 13186 | D:14     | Gained mutation: You rapidly evolve. [mutagenic meat]
 13188 | D:14     | Gained mutation: You have an increased reservoir of magic (+10% MP). [mutagenic meat]
 13190 | D:14     | Gained mutation: You are robust (+10% HP). [mutagenic meat]
 13192 | D:14     | Gained mutation: Your mind is very acute. (Int +4) [mutagenic meat]
 13193 | D:14     | Gained mutation: Your tail ends in a poisonous barb. [mutagenic meat]
 13200 | D:14     | Lost mutation: You are clumsy. (Dex -2) [mutagenic meat]
 13222 | D:14     | Gained mutation: Your muscles are very strong. (Str +4) [evolution]
 14124 | D:11     | Reached XP level 14. HP: 146/146 MP: 18/18
 14215 | Orc:1    | Entered Level 1 of the Orcish Mines
 14296 | Orc:1    | Found a bloodstained altar of Trog.
 14607 | Lair:1   | Entered Level 1 of the Lair of Beasts
 14807 | Lair:1   | Reached skill level 11 in Fighting
 15240 | Lair:1   | Lost mutation: You are partially covered in yellow scales (AC +2). [evolution]
 15494 | Lair:1   | Reached skill level 1 in Invocations
 15551 | Lair:1   | You fall through a shaft!
 15583 | Lair:2   | Found a frozen archway.
 15588 | IceCv    | Entered an ice cave
 16281 | IceCv    | HP: 2/148 [ice dragon/blast of cold (13)]
 16281 | IceCv    | Slain by an ice dragon

Vault maps used:
D:1:      lightli_arrival_statue_moat
D:2:      lemuel_coloured_pillars_altar
D:4:      minmay_temple_entry_hall, first_bread
D:5:      lemuel_doored_altar, minitemple, minmay_misc_feat_tiny, hex_tiny,
          kennysheep_doodads, uniq_sigmund
D:7:      enter_ossuary_2, grunt_livestock, grunt_ministairs_1, jiyva_altar_1
D:8:      nicolae_whirlpool, serial_shops, shop, uniq_maurice
D:9:      nicolae_gozag_seed_capital, nicolae_dithmenos_through_a_glass_darkly
D:10:     grunt_ministairs_12, uniq_harold
D:11:     erik_lair_orcish_takeover, zombieorc1_lemuel, uniq_fannar
D:12:     basic_altar, special_room, minmay_misc_feat_cross, kennysheep_potato
D:13:     uniq_sonja
D:14:     david_vaults_2, serial_park_square1, lab_entry_generic, minivault_16
Temple:   triangle_lava_temple_12
Lair:2:   beast_lair_carwin_large_2, portal_ice_cave_entry_ice_beasts,
          bh_autumn_forest_stairs, lemuel_fruit_tree
Orc:1:    basic_altar
Lab:      nicolae_lab_dead_end, nicolae_lab_statue, nicolae_lab_very_dead_end
Ossuary:  ossuary_due_pyramid
IceCv:    ice_cave_small_dragons

Action                   |  1- 3 |  4- 6 |  7- 9 | 10-12 | 13-15 || total
-------------------------+-------+-------+-------+-------+-------++-------
Melee: Flail             |   141 |   132 |   441 |       |       ||   714
       Mace              |       |       |       |   385 |       ||   385
       Hand axe          |       |       |       |   292 |   371 ||   663
 Abil: Spit Poison       |     5 |    14 |    10 |       |       ||    29
       Evoke Teleportati |       |       |     3 |     5 |       ||     8
       Breathe Poison Ga |       |       |    12 |    33 |     7 ||    52
  Use: Scroll            |       |    10 |     4 |    11 |     2 ||    27
       Potion            |       |       |       |     2 |     4 ||     6
 Stab: Distracted        |       |       |       |       |     1 ||     1
  Eat: Meat ration       |       |     1 |       |       |       ||     1
       Royal jelly       |       |     1 |       |       |       ||     1
       Chunk             |       |       |    13 |     6 |    17 ||    36
       Bread ration      |       |       |     3 |     5 |     1 ||     9
       Pizza             |       |       |     1 |     8 |     1 ||    10
       Fruit             |       |       |     3 |       |       ||     3
       Beef jerky        |       |       |       |     1 |     3 ||     4
